 Dungeon Crawl Stone Soup version 0.28-a0-750-g7c675f85b1 (webtiles) character file.

Game seed: 1525046069140937155

27 ytrimaz the Chopper (level 2, 0/22 HPs)
             Began as a Demonspawn Gladiator on Oct 29, 2021.
             Killed from afar by Natasha (3 damage)
             ... with a magic dart
             ... on level 2 of the Dungeon.
             The game lasted 00:01:47 (751 turns).

ytrimaz the Chopper (Demonspawn Gladiator)           Turns: 751, Time: 00:01:48

Health: 0/22       AC: 10    Str: 14    XL:     2   Next: 93%
Magic:  2/2        EV: 12    Int:  9    God:
Gold:   48         SH:  0    Dex: 14    Spells: 1/1 levels left

rFire   . . .      SeeInvis .   a - +0 war axe
rCold   . . .      Faith    .   (no shield)
rNeg    . . .      Spirit   .   b - +0 leather armour
rPois   .          Reflect  .   c - +0 helmet
rElec   .          Harm     .   (no cloak)
rCorr   .          Rampage  .   (no gloves)
Will    .....                   (no boots)
Stlth   +.........              (no amulet)
HPRegen 0.07/turn               (no ring)
MPRegen 0.08/turn               (no ring)

@: sanguine armoured
A: sanguine armour 1
a: no special abilities


You were on level 2 of the Dungeon.
You visited 1 branch of the dungeon, and saw 2 of its levels.

You collected 48 gold pieces.

Inventory:

Hand Weapons
 a - a +0 war axe (weapon)
Missiles
 d - 3 throwing nets (quivered)
Armour
 b - a +0 leather armour (worn)
 c - a +0 helmet (worn)
Scrolls
 e - a scroll of torment
Potions
 f - a potion of curing {unknown}


   Skills:
 + Level 2.3 Fighting
 + Level 3.3 Axes
 - Level 1.7 Throwing
 + Level 3.0 Dodging


You had one spell level left.
You didn't know any spells.
Your spell library contained the following spells:

 Spells                   Type           Power      Damage    Failure   Level
 Sandblast                Erth           0%         2d4       45%         1
 Passwall                 Tmut/Erth      0%         N/A       61%         2
 Stone Arrow              Conj/Erth      0%         3d7       83%         3


Dungeon Overview and Level Annotations

Branches:
Dungeon (2/15)

Altars:

Shops:
D:1 *

Annotations:
D:2 Natasha


Innate Abilities, Weirdness & Mutations

When seriously injured, your bleeding wounds create armour. (AC +6)


Message History

The bat barely misses you.
You closely miss the bat. The bat barely misses you.
The bat closely misses you.
You hit the bat.
You kill the bat!
Natasha, Servant of Life and Death comes into view.
Natasha hisses angrily.
You see here a bat corpse.
Natasha is nearby!
Natasha is nearby!
A ball python comes into view.
The ball python hisses angrily.
Natasha claws you.
Really read the scroll of torment? [Y]es or [N]o only, please.
Really read the scroll of torment?
Okay, then.
Really read the scroll of torment?
As you read the scroll of torment, it crumbles to dust.
Your body is wracked with pain!
Your blood congeals into armour.
Natasha convulses!
Natasha claws you but does no damage.
You hit Natasha.
Natasha is heavily wounded.
Natasha completely misses you.
You closely miss Natasha.
Natasha is heavily wounded.
Natasha closely misses you. The ball python closely misses you.
The ball python grabs you. The ball python constricts you.
You hit Natasha but do no damage.
Natasha is heavily wounded.
You slash the ball python!
You kill the ball python!
Natasha claws you but does no damage.
You closely miss Natasha.
Natasha is heavily wounded.
Natasha claws you.
* * * LOW HITPOINT WARNING * * *
Natasha stares at you and mumbles some strange words.
The magic dart hits you.
You die...

###### ...# #..... ...#
#$##.# ... #.##.# ..#
#.##.# ..## #.##.##...
###########...†.#.##
#...............@h.#
#.#############..#.[....
#.# #....##### #.#
#.#### #.# #.#
#.######### #.#
..........# #.#
#.#######.# #.# .[..#
#.#


You could see Natasha.

Vanquished Creatures
  2 dart slugs (D:1)
  A giant cockroach (D:1)
  A goblin (D:1)
  4 hobgoblins (D:1)
  A kobold (D:2)
  A quokka (D:1)
  4 ball pythons
  6 bats
  A frilled lizard (D:1)
  2 rats (D:1)
23 creatures vanquished.

Notes
Turn   | Place    | Note
-------+----------+-------------------------------------------
     0 | D:1      | ytrimaz the Demonspawn Gladiator began the quest for the
                  | Orb.
     0 | D:1      | Reached XP level 1. HP: 16/16 MP: 1/1
    89 | D:1      | Gained mutation: When seriously injured, your bleeding
                  | wounds create armour. (AC +6) [demonic ancestry]
    89 | D:1      | Reached XP level 2. HP: 17/22 MP: 2/2
   292 | D:1      | Found Jamnoz's Assorted Antiques.
   744 | D:2      | Noticed Natasha
   751 | D:2      | Killed from afar by Natasha

Illustrated notes

Levels and vault maps discovered:
D:1:      minmay_arrival_three_doors, layout_rooms, serial_shops, shop,
          hangedman_abyss_or_decor_stabs
D:2:      layout_loops_ring, uniq_natasha, uniq_robin

Skill      XL: |  1  2 |
---------------+-------+-----
Axes           | 3 |  3.3
Dodging        | 3 |  3.0
Fighting       | |  2.3
Throwing       | |  1.7

Action                   || total
-------------------------++-------
Melee: War axe           ||    50
  Use: Scroll            ||     3
Armor: Leather armour    ||    33
Dodge: Dodged            ||    62

Table legend: (Time is in decaauts)
 A = Elapsed time spent in this place.
 B = Non-inter-level travel time spent in this place.
 C = Inter-level travel time spent in this place.
 D = Time resting spent in this place.
 E = Time spent auto-exploring this place.
 F = Levels seen in this place.
 G = Mean time per level.
                   A        B        C        D        E       F      G
               +--------+--------+--------+--------+--------+-----+--------+
         Total |    766 |    749 |     17 |      0 |    551 |   2 |  383.0 |
       Dungeon |    766 |    749 |     17 |      0 |    551 |   2 |  383.0 |
               +--------+--------+--------+--------+--------+-----+--------+

Top non-repeatable levels by time:
     D:1: 691 daAuts
     D:2: 75 daAuts
